 Dungeon Crawl Stone Soup version 0.28.0-49-g6dfe1f597d (webtiles) character file.

Game seed: 992998569509872126

28722 hawla the Arsonist (level 13, -8/57 HPs)
             Began as a Felid Fire Elementalist on May 12, 2022.
             Was the Champion of Jiyva.
             Mangled by an orc warlord
             ... wielding a +2 war axe of electrocution
              (31 damage)
             ... on level 1 of the Orcish Mines on May 13, 2022.
             The game lasted 01:29:09 (22102 turns).

hawla the Arsonist (Felid Fire Elementalist)       Turns: 22102, Time: 01:29:11

Health: -8/57      AC:  5    Str:  6    XL:     13   Next: 11%
Magic:  20/26      EV: 27    Int: 18    God:    Jiyva [******]
Gold:   347        SH:  0    Dex: 24    Spells: 8/29 levels left
                                        Lives:  0   Deaths: 4

rFire   + + .      SeeInvis +     - Unarmed
rCold   + + .      Faith    .   (shield unavailable)
rNeg    . . .      Spirit   .   (armour unavailable)
rPois   +          Reflect  .   (helmet unavailable)
rElec   .          Harm     .   (cloak unavailable)
rCorr   +          Rampage  .   (gloves unavailable)
rMut    +          Clarity  +   (boots unavailable)
Will    +++..                   j - amulet of the acrobat
Stlth   ++++......              t - ring of Vehumet's Pride {rPois rF+ Will+}
HPRegen 1.79/turn               C - +6 ring of dexterity
MPRegen 0.70/turn

@: quick
A: very small, claws 1, fangs 3, see invisible, speed 1, shaggy fur 3, stealthy
paws, no weapons or thrown items, no armour, multi-lived, horns 1, iridescent
scales 1, clarity, cold resistance 1, fire resistance 1, strong-willed 1,
mutation resistance 3, acidic bite, pseudopods 1, translucent skin 3, tendrils,
jelly sensing items, MP-powered wands, engulf
a: Renounce Religion, Oozemancy, Slimify


You were on level 1 of the Orcish Mines.
You worshipped Jiyva.
Jiyva was exalted by your worship.
You visited 3 branches of the dungeon, and saw 20 of its levels.
You also visited: Sewer and Bailey.

You collected 955 gold pieces.
You spent 608 gold pieces at shops.

Inventory:

Jewellery
 c - a ring of fire
 j - an amulet of the acrobat (around neck)
 p - a ring of wizardry
 t - the ring of Vehumet's Pride (left paw) {rPois rF+ Will+}
   (You found it on level 9 of the Dungeon)

   [ring of poison resistance]

   rF:        It protects you from fire.
   rPois:     It protects you from poison.
   Will:      It increases your willpower.
 u - a ring of fire
 C - a +6 ring of dexterity (right paw)
 E - a ring of wizardry
 F - a ring of fire
 G - a ring of the Octopus King {Wiz AC+1 EV+1 Str+1 Int+1 Dex+1}
   (You found it on level 6 of the Lair of Beasts)

   [ring of wizardry]

   It improves your spell success rate.
   AC:        It affects your AC (+1).
   EV:        It affects your evasion (+1).
   Str:       It affects your strength (+1).
   Int:       It affects your intelligence (+1).
   Dex:       It affects your dexterity (+1).
Wands
 b - a wand of polymorph (7)
 g - a wand of iceblast (12)
 r - a wand of acid (5)
 y - a wand of flame (16)
Scrolls
 e - 2 scrolls of amnesia
 k - a scroll of holy word
 o - 2 scrolls of teleportation
 B - 2 scrolls of magic mapping
 D - a scroll of identify
Potions
 a - 5 potions of flight
 d - 2 potions of might
 f - 5 potions of haste
 h - 4 potions of mutation {unknown}
 i - 2 potions of brilliance
 l - a potion of invisibility
 m - 2 potions of ambrosia
 n - a potion of heal wounds
 q - a potion of cancellation
 s - a potion of lignification {unknown}
 v - 3 potions of attraction {unknown}
 w - 6 potions of curing {unknown}
 z - 2 potions of degeneration {unknown}
Miscellaneous
 x - a box of beasts
 A - a condenser vane


   Skills:
 + Level 7.1 Fighting
 + Level 10.2 Dodging
 + Level 4.1 Stealth
 + Level 3.1 Unarmed Combat
 - Level 8.9 Spellcasting
 * Level 10.3 Conjurations
 + Level 5.1 Necromancy
 + Level 4.5 Translocations
 * Level 14.8 Fire Magic
 + Level 0.6 Earth Magic
 + Level 6.2 Poison Magic
 + Level 1.0 Evocations


You had 8 spell levels left.
You knew the following spells:

 Your Spells              Type           Power      Damage    Failure   Level
a - Foxfire               Conj/Fire      100%       2x1d9     1%          1
b - Scorch                Fire           100%       2d10      1%          2
c - Conjure Flame         Conj/Fire      52%        6-21      1%          3
d - Flame Wave            Conj/Fire      52%        2d11      1%          4
e - Stone Arrow           Conj/Erth      54%        3d10      2%          3
f - Apportation           Tloc           48%        N/A       1%          1
g - Olgreb's Toxic Radia  Pois           30%        N/A       7%          4
h - Vampiric Draining     Necr           26%        2d7       3%          3

Your spell library contained the following spells:

 Spells                   Type           Power      Damage    Failure   Level
 Inner Flame              Hex/Fire       34%        N/A       1%          3
 Sting                    Tmut/Pois      76%        1d6       2%          1
 Poisonous Vapours        Pois/Air       38%        N/A       3%          2
 Slow                     Hex            32%        N/A       9%          1
 Passwall                 Tmut/Erth      7%         N/A       12%         2
 Confusing Touch          Hex            8%         N/A       26%         3
 Alistair's Intoxication  Tmut/Pois      12%        N/A       56%         5


Dungeon Overview and Level Annotations

Branches:
Dungeon (13/15)            Temple (0/1) D:7            Lair (6/6) D:11
 Shoals (0/4) Lair:2        Snake (0/4) Lair:3        Slime (0/5) Lair:5
    Orc (1/2) D:11          Sewer (visited)          Bailey (visited)
 Vaults: D:13-14

Altars:
Dithmenos
Fedhas
Kikubaaqudgha
Makhleb
Nemelex Xobeh
Qazlal
Ru
Sif Muna
Vehumet
Wu Jian
Zin

Shops:
D:1 [   D:3 *   D:5 (::(   D:11 [

Portals:
Trove: D:13 (show slimy rune of Zot)

Annotations:
D:7 2 transporters, warriortoast's ghost, novice MiFi


Innate Abilities, Weirdness & Mutations

You have sharp claws.
You have razor-sharp teeth.
You have supernaturally acute eyesight. (SInv)
You cover ground quickly. (Speed+)
Your thick and shaggy fur keeps you warm. (AC +3, rC+)
Your paws help you pounce on unaware monsters.
You are incapable of wielding weapons or throwing items.
You cannot wear armour.
You gain extra lives every three experience levels.
You have a pair of small horns on your head.
You are partially covered in iridescent scales. (AC +2)
You possess an exceptional clarity of mind.
Your flesh is cold resistant. (rC+)
Your flesh is heat resistant. (rF+)
You are strong-willed. (Will+)
You are almost entirely resistant to further mutation and mutation removal.
You have acidic saliva.
Armour fits poorly on your pseudopods.
Your transparent skin significantly reduces your foes' accuracy. (Stealth+)
You are covered in slimy tendrils that may disarm your opponents.
You have a small jelly attached to you that senses nearby items.
You expend magic power (3 MP) to strengthen your wands.
Your melee attacks may engulf your foes in ooze.


Message History

You kill the orc!
You finish channelling waves of flame.
Unknown command.
You start resting.
You hear a slurping noise. x2
The jelly splits in two!
You hear a slurping noise. x3
Magic restored.
You climb downwards.
Welcome back to the Orcish Mines!
The orc warlord roars a battlecry!
The orcs go into a battle-frenzy!
There is a staircase back to the Dungeon, spattered with blood here.
Items here: )))).
Casting: Flame Wave (dangerous; 1% risk of failure)
Confirm with . or Enter, or press ? or * to list all spells.
Casting: Flame Wave (dangerous; 1% risk of failure)
Press: ? - help, Dir - look around, f - activate A wave of flame ripples out!
The flame wave engulfs the orc priest!
The orc priest is almost dead.
The flame wave engulfs the orc!
You kill the orc!
The flame wave engulfs the orc warlord!
The orc warlord is lightly wounded. (Press . to intensify the flame waves.)
The orc priest misses you.
Your tendrils lash around the orc priest's +0 club and pull it to the ground!
The orc warlord hits you with a +2 war axe of electrocution!!
You shudder from the blow and a jelly pops out!
You are electrocuted!
The orc wizard hits your azure jelly with a +0 dagger.
Casting: Flame Wave (dangerous; 1% risk of failure)
Confirm with . or Enter, or press ? or * to list all spells.
Aiming: Vampiric Draining (dangerous; 3% risk of failure)
Press: ? - help, Shift-Dir - straight line, f - orc priest
Aim: an orc priest (almost dead, strong)
You draw life force from the orc priest!
You kill the orc priest!
The orc warlord hits you with a +2 war axe of electrocution!!
Ouch! That really hurt!
You die...

. #### .#
.###.#.### #.##
.........##....
. .........#...
...#...........
......)oJ.)....
#.....[@.o.....
.....###oo)....
... o[..... . ∆
o.....# .......
>...... .......
.....#.


You could see an orc warlord (ally target), an orc wizard (strong), 4 orcs and a
friendly azure jelly (summoned).

Vanquished Creatures
  Gastronok (Lair:1)
  A dire elephant (Lair:6)
  Erolcha (D:10)
  5 hydras
  2 catoblepae
  4 two-headed ogres
  An orc high priest (D:11)
  A deep elf pyromancer (D:12)
  2 orc knights
  2 orc sorcerers (D:11)
  An ugly thing (D:13)
  2 manticores
  5 elephants
  2 black mambas
  2 merfolk sirens (Lair:2)
  5 cane toads
  A komodo dragon (Lair:1)
  4 rime drakes
  4 trolls
  3 polar bears
  2 hornets
  4 dream sheep (Lair:6)
  6 blink frogs (Lair:6)
  5 shadows
  18 yaks
  3 basilisks
  A wraith (D:12)
  A wyvern (Lair:5)
  3 vampire mosquitoes (D:12)
  3 nagas (Lair:3)
  10 water moccasins
  18 orc warriors
  2 sky beasts
  2 ice beasts (D:5)
  A black bear (D:6)
  13 wolves
  An ogre (D:13)
  A centaur (D:9)
  3 kobold brigands
  3 bullfrogs
  A scorpion (Lair:2)
  12 killer bees
  An electric eel (Lair:6)
  2 howler monkeys
  A bullfrog zombie (D:6)
  2 centaur zombies
  2 gnoll shamans
  5 orc priests
  A bullfrog skeleton (D:6)
  5 jellies (Sewer)
  A scorpion zombie (D:5)
  Natasha (thrice) (D:2)
  3 iguanas
  5 hell rats (Lair:5)
  7 orc wizards
  A killer bee zombie (D:6)
  9 adders
  14 gnolls
  2 river rats (Sewer)
  A shadow imp (D:6)
  2 white imps
  A worm (D:2)
  4 dart slugs
  71 orcs
  7 bats
  14 endoplasms
  8 giant cockroaches
  11 goblins
  8 hobgoblins
  2 jackals (D:2)
  24 kobolds
  6 quokkas
  9 ball pythons
  6 frilled lizards (Sewer)
  11 rats
411 creatures vanquished.

Vanquished Creatures (collateral kills)
  Snorg (D:13)
  3 hydras
  A catoblepas (Lair:6)
  2 boulder beetles
  Urug (Lair:5)
  An orc knight (Bailey)
  2 ugly things (D:12)
  A cyclops (D:12)
  7 elephants
  Maurice (D:13)
  3 black mambas
  3 gargoyles
  3 cane toads
  A rime drake (Lair:6)
  An efreet (D:13)
  5 komodo dragons
  A troll (D:10)
  4 blink frogs (Lair:6)
  A snapping turtle (Lair:6)
  2 basilisks (D:11)
  18 yaks
  An acid dragon (D:11)
  A water moccasin (Lair:2)
  4 orc warriors
  2 centaurs
  A wolf (Lair:2)
  A hell rat (Lair:5)
  A gnoll (Bailey)
  2 orcs (D:13)
  8 foxfires
83 creatures vanquished.

Vanquished Creatures (others)
  A merfolk avatar (Lair:6)
  A centaur zombie (D:11)
  A komodo dragon (D:13)
  A yak (Lair:5)
  2 basilisks
  2 water moccasins (Lair:2)
  3 orc warriors
  An ogre (D:6)
  A wolf (Lair:3)
  A kobold brigand (D:6)
  A bullfrog zombie (D:6)
  57 jellies
  A hound (D:5)
  A killer bee zombie (D:5)
  A gnoll (Bailey)
  An adder (D:5)
  2 endoplasms (D:3)
  7 orcs
  2 goblins (Bailey)
  12 kobolds
  1156 foxfires
  84 fungi
  136 plants
1475 creatures vanquished.

Grand Total: 1969 creatures vanquished

Notes
Turn   | Place    | Note
-------+----------+-------------------------------------------
     0 | D:1      | hawla the Felid Fire Elementalist began the quest for the
                  | Orb.
     0 | D:1      | Reached XP level 1. HP: 7/7 MP: 4/4
   127 | D:1      | Reached skill level 3 in Fire Magic
   199 | D:1      | Reached XP level 2. HP: 5/11 MP: 1/6
   659 | D:1      | Reached skill level 1 in Conjurations
   688 | D:1      | Learned a level 2 spell: Scorch
  1068 | D:1      | Found Rureczes's Armour Shoppe.
  1075 | D:1      | Reached XP level 3. HP: 11/14 MP: 0/7
  1079 | D:1      | Learned a level 3 spell: Conjure Flame
  1851 | D:2      | Noticed Natasha
  2065 | D:2      | Killed Natasha
  2066 | D:2      | Reached skill level 4 in Fire Magic
  2066 | D:2      | Reached XP level 4. HP: 18/18 MP: 4/8
  2626 | D:2      | Found a faded altar of an unknown god.
  2905 | D:2      | Noticed Natasha
  2911 | D:2      | Killed Natasha
  2912 | D:2      | Reached XP level 5. HP: 16/21 MP: 3/9
  2919 | D:2      | Noticed Natasha
  3035 | D:2      | Killed Natasha
  3206 | D:3      | Found a glowing drain.
  3289 | Sewer    | Entered a sewer
  3619 | Sewer    | HP: 1/21 [adder (2)]
  4069 | Sewer    | Gained mutation: You are covered in thick fur. (AC +2)
                  | [Felid growth]
  4069 | Sewer    | Reached XP level 6. HP: 25/25 MP: 7/10
  4101 | Sewer    | Reached skill level 5 in Fire Magic
  4128 | Sewer    | Found a viscous altar of Jiyva.
  4135 | Sewer    | Reached skill level 1 in Fighting
  4305 | Sewer    | Became a worshipper of Jiyva Jahuib the Shapeless
  4365 | D:3      | Found Jungy's Assorted Antiques.
  4493 | D:3      | Found a sparkling altar of Nemelex Xobeh.
  5159 | D:3      | Reached * piety under Jiyva
  5435 | D:4      | Found a stormy altar of Qazlal.
  5545 | D:4      | Reached ** piety under Jiyva
  6186 | D:5      | Entered Level 5 of the Dungeon
  6186 | D:5      | Found Molih's Antique Weapon Emporium.
  6186 | D:5      | Found Hilih's Book Emporium.
  6189 | D:5      | Noticed a sky beast
  6193 | D:5      | Found Bipab's Book Emporium.
  6197 | D:5      | Found Latwir Huiq's Weapon Emporium.
  6201 | D:5      | Killed a sky beast
  6202 | D:5      | Reached XP level 7. HP: 17/28 MP: 7/11
  6234 | D:5      | Reached *** piety under Jiyva
  6456 | D:5      | Gained mutation: Armour fits poorly on your pseudopods.
                  | [Jiyva's grace]
  6456 | D:5      | Gained mutation: Armour fits poorly on your large
                  | pseudopods. [Jiyva's grace]
  6456 | D:5      | Gained mutation: Armour fits poorly on your massive
                  | pseudopods. [Jiyva's grace]
  6456 | D:5      | Gained mutation: You have a small jelly attached to you
                  | that senses nearby items. [Jiyva's grace]
  6771 | D:5      | Reached skill level 6 in Fire Magic
  7228 | D:6      | Reached skill level 1 in Unarmed Combat
  7279 | D:6      | Reached **** piety under Jiyva
  7303 | D:6      | Reached XP level 8. HP: 33/33 MP: 5/14
  7352 | D:6      | Identified the +10 flail "hawla's Foe" {flame, rC+}
  8022 | D:7      | Found a staircase to the Ecumenical Temple.
  8299 | D:7      | Reached skill level 7 in Fire Magic
  8318 | D:7      | Reached skill level 5 in Spellcasting
  8356 | D:7      | Found a transporter.
  8356 | D:7      | Identified the +11 great mace of the Curious Wishes
                  | {protect, *Corrode rElec rF++ SInv}
  8356 | D:7      | Noticed warriortoast's ghost (novice MiFi)
  8672 | D:7      | Found a transporter.
  8833 | D:8      | Found a burning altar of Makhleb.
  8835 | D:8      | Found an ancient bone altar of Kikubaaqudgha.
  8840 | D:8      | Found a glowing silver altar of Zin.
  8841 | D:8      | Found a sacrificial altar of Ru.
  8843 | D:8      | Found a radiant altar of Vehumet.
  8844 | D:8      | Found an ornate altar of the Wu Jian Council.
  8846 | D:8      | Found a blossoming altar of Fedhas.
  8846 | D:8      | Reached ***** piety under Jiyva
  8851 | D:8      | Found a shimmering blue altar of Sif Muna.
  8910 | D:8      | Reached skill level 5 in Conjurations
  8910 | D:8      | Reached XP level 9. HP: 32/36 MP: 11/18
  9107 | D:8      | Reached skill level 5 in Dodging
  9167 | D:8      | Found a flagged portal.
  9180 | D:8      | Learned a level 4 spell: Flame Wave
  9181 | Bailey   | Entered a bailey
  9186 | Bailey   | Gained mutation: You have acidic saliva. [Jiyva's grace]
  9186 | Bailey   | Gained mutation: You have a pair of small horns on your
                  | head. [Jiyva's grace]
  9186 | Bailey   | Gained mutation: You have a pair of horns on your head.
                  | [Jiyva's grace]
  9186 | Bailey   | Gained mutation: You have a pair of large horns on your
                  | head. [Jiyva's grace]
  9238 | Bailey   | Noticed an orc knight
  9281 | Bailey   | Noticed an orc knight
  9321 | Bailey   | Slain by an orc knight
  9322 | Bailey   | Reached XP level 8. HP: -4/33 MP: 11/17
  9349 | Bailey   | Killed an orc knight
  9350 | Bailey   | Reached skill level 8 in Fire Magic
  9460 | Bailey   | Killed an orc knight
  9461 | Bailey   | Reached skill level 9 in Fire Magic
  9461 | Bailey   | Reached XP level 9. HP: 14/39 MP: 18/18
  9957 | D:9      | You fall into a shaft and drop 1 floor!
  9957 | D:10     | Entered Level 10 of the Dungeon
 10187 | D:9      | Identified the ring of Vehumet's Pride {rPois rF+ Will+}
 10232 | D:9      | Noticed a two-headed ogre
 10267 | D:9      | Killed a two-headed ogre
 10268 | D:9      | Noticed a two-headed ogre
 10321 | D:9      | Killed a two-headed ogre
 10322 | D:9      | Reached skill level 5 in Fighting
 10322 | D:9      | Reached skill level 10 in Fire Magic
 10322 | D:9      | Reached XP level 10. HP: 44/44 MP: 11/19
 10739 | D:9      | Got the Catalogue of Virous Earth
 11013 | D:10     | Noticed a two-headed ogre
 11057 | D:10     | Killed a two-headed ogre
 11471 | D:10     | Noticed Erolcha
 11485 | D:10     | Killed Erolcha
 11486 | D:10     | Reached skill level 11 in Fire Magic
 11628 | D:10     | Found a shadowy altar of Dithmenos.
 11637 | D:10     | Learned a level 3 spell: Stone Arrow
 11673 | D:11     | Found Ifosigagg's Armour Boutique.
 11728 | D:11     | Noticed a gargoyle
 11733 | D:11     | Killed a gargoyle
 11734 | D:11     | Reached XP level 11. HP: 48/48 MP: 17/20
 11748 | D:11     | Reached ****** piety under Jiyva
 11905 | D:11     | Learned a level 1 spell: Apportation
 11966 | D:11     | Reached skill level 1 in Translocations
 12019 | D:11     | Found a staircase to the Lair.
 12111 | D:11     | Lost mutation: You have a pair of large horns on your head.
                  | [Jiyva's grace]
 12111 | D:11     | Lost mutation: Armour fits poorly on your massive
                  | pseudopods. [Jiyva's grace]
 12111 | D:11     | Gained mutation: You expend magic power (3 MP) to
                  | strengthen your wands. [Jiyva's grace]
 12111 | D:11     | Gained mutation: You have hidden genetic potential.
                  | [Jiyva's grace]
 12111 | D:11     | Gained mutation: You have great hidden genetic potential.
                  | [Jiyva's grace]
 12111 | D:11     | Gained mutation: Your flesh is heat resistant. (rF+)
                  | [Jiyva's grace]
 12119 | D:11     | Found a staircase to the Orcish Mines.
 12289 | D:11     | Noticed a boulder beetle
 12378 | D:11     | Killed a boulder beetle
 12558 | D:12     | Noticed a white ugly thing
 12584 | D:12     | Killed a white ugly thing
 12585 | D:12     | Reached skill level 12 in Fire Magic
 12792 | D:12     | Noticed a purple ugly thing
 12804 | D:12     | Killed a purple ugly thing
 12897 | D:12     | Noticed a deep elf pyromancer
 13042 | D:13     | Learned a level 4 spell: Olgreb's Toxic Radiance
 13081 | D:13     | HP: 2/48 [something (6)]
 13081 | D:13     | Demolished by an orc warrior
 13082 | D:13     | Reached XP level 10. HP: -14/45 MP: 10/19
 13272 | D:13     | Noticed a seven-headed hydra
 13293 | D:13     | Killed a seven-headed hydra
 13294 | D:13     | Reached skill level 1 in Poison Magic
 13315 | D:13     | Noticed Maurice
 13328 | D:13     | Killed Maurice
 13499 | D:13     | Found a glowing silver altar of Zin.
 13499 | D:13     | Noticed an angel
 13724 | D:12     | Killed a deep elf pyromancer
 13725 | D:12     | Reached XP level 11. HP: 38/48 MP: 8/20
 13783 | D:12     | Noticed a two-headed ogre
 13829 | D:12     | Killed a two-headed ogre
 13830 | D:12     | Reached skill level 1 in Evocations
 14105 | Lair:1   | Entered Level 1 of the Lair of Beasts
 14217 | Lair:1   | Gained mutation: You have a pair of large horns on your
                  | head. [Jiyva's grace]
 14217 | Lair:1   | Gained mutation: Your melee attacks may engulf your foes in
                  | ooze. [Jiyva's grace]
 14217 | Lair:1   | Gained mutation: Your flesh is cold resistant. (rC+)
                  | [Jiyva's grace]
 14217 | Lair:1   | Gained mutation: Your flesh is very cold resistant. (rC++)
                  | [Jiyva's grace]
 14262 | Lair:1   | Noticed Gastronok
 14283 | Lair:1   | Identified the +1 ring mail "Siarph" {Harm rCorr SInv}
 14292 | Lair:1   | Killed Gastronok
 14581 | Lair:1   | Noticed a seven-headed hydra
 14607 | Lair:1   | Killed a seven-headed hydra
 14608 | Lair:1   | Reached skill level 13 in Fire Magic
 14620 | Lair:1   | Gained mutation: You are strong-willed. (Will+) [hidden
                  | potential]
 15244 | D:3      | Bought a potion of haste for 220 gold pieces
 15244 | D:3      | Bought a blackened glass ring for 110 gold pieces
 15244 | D:3      | Bought a lumpy ruby potion for 19 gold pieces
 15244 | D:3      | Bought 2 fizzy orange potions for 39 gold pieces
 15300 | D:5      | Bought a book of Debilitation for 220 gold pieces
 15304 | D:5      | Learned a level 3 spell: Vampiric Draining
 15735 | Lair:2   | Slain by a black mamba
 15736 | Lair:2   | Reached XP level 10. HP: -3/45 MP: 19/20
 15736 | Lair:2   | Killed a black mamba
 15775 | Lair:2   | Noticed a merfolk siren
 15777 | Lair:2   | Killed a merfolk siren
 15796 | Lair:2   | Found a staircase to the Shoals.
 15806 | Lair:2   | Noticed a merfolk siren
 15808 | Lair:2   | Killed a merfolk siren
 15828 | Lair:2   | Noticed a black mamba
 15830 | Lair:2   | Reached skill level 1 in Necromancy
 15847 | Lair:2   | Killed a black mamba
 15848 | Lair:2   | Reached XP level 11. HP: 32/48 MP: 18/21
 16586 | Lair:3   | Found a staircase to the Snake Pit.
 16665 | Lair:3   | You fall into a shaft and drop 2 floors!
 16743 | Lair:5   | Gained mutation: Your thick and shaggy fur keeps you warm.
                  | (AC +3, rC+) [Felid growth]
 16743 | Lair:5   | Reached XP level 12. HP: 53/53 MP: 19/23
 16750 | Lair:4   | Noticed a six-headed hydra
 16808 | Lair:5   | Lost mutation: You have a pair of large horns on your head.
                  | [Jiyva's grace]
 16808 | Lair:5   | Lost mutation: You have a pair of horns on your head.
                  | [Jiyva's grace]
 16808 | Lair:5   | Lost mutation: Your flesh is very cold resistant. (rC++)
                  | [Jiyva's grace]
 16808 | Lair:5   | Lost mutation: Armour fits poorly on your large pseudopods.
                  | [Jiyva's grace]
 16808 | Lair:5   | Gained mutation: You are covered in slimy tendrils that may
                  | disarm your opponents. [Jiyva's grace]
 16808 | Lair:5   | Gained mutation: Your translucent skin slightly reduces
                  | your foes' accuracy. (Stealth+) [Jiyva's grace]
 16808 | Lair:5   | Gained mutation: Your translucent skin reduces your foes'
                  | accuracy. (Stealth+) [Jiyva's grace]
 16808 | Lair:5   | Gained mutation: Your transparent skin significantly
                  | reduces your foes' accuracy. (Stealth+) [Jiyva's grace]
 16830 | Lair:5   | Found a staircase to the Slime Pits.
 16902 | Lair:5   | Noticed Urug
 16921 | Lair:5   | Killed Urug
 16988 | Lair:4   | Noticed a boulder beetle
 17003 | Lair:4   | Killed a boulder beetle
 17009 | Lair:4   | Reached skill level 5 in Poison Magic
 17014 | Lair:4   | Gained mutation: You possess an exceptional clarity of
                  | mind. [hidden potential]
 17014 | Lair:4   | Lost mutation: You have great hidden genetic potential.
                  | [hidden potential expressed]
 17305 | Lair:3   | Noticed a six-headed hydra
 17331 | Lair:3   | Killed a six-headed hydra
 17900 | Lair:4   | Reached XP level 13. HP: 57/57 MP: 22/26
 18835 | Lair:5   | Identified the +5 mace of Aqulocwe {drain, Str+3}
 18842 | Lair:5   | Lost mutation: You have hidden genetic potential. [Jiyva's
                  | grace]
 18842 | Lair:5   | Gained mutation: You are somewhat resistant to further
                  | mutation. [Jiyva's grace]
 18842 | Lair:5   | Gained mutation: You are somewhat resistant to both further
                  | mutation and mutation removal. [Jiyva's grace]
 18842 | Lair:5   | Gained mutation: You are almost entirely resistant to
                  | further mutation and mutation removal. [Jiyva's grace]
 18842 | Lair:5   | Gained mutation: You are partially covered in iridescent
                  | scales. (AC +2) [Jiyva's grace]
 19107 | Lair:6   | Entered Level 6 of the Lair of Beasts
 19256 | Lair:5   | Reached skill level 14 in Fire Magic
 19531 | D:13     | Noticed Snorg
 19544 | D:13     | Killed Snorg
 20022 | D:13     | Found a portal to a secret trove of treasure.
 20615 | Lair:6   | Noticed a dire elephant
 20634 | Lair:6   | Killed a dire elephant
 20635 | Lair:6   | Reached skill level 10 in Dodging
 20635 | Lair:6   | Reached skill level 10 in Conjurations
 21175 | Lair:6   | Found the ring of the Octopus King
 21179 | Lair:6   | Identified a ring of the Octopus King {Wiz AC+1 EV+1 Str+1
                  | Int+1 Dex+1}
 21924 | Orc:1    | Entered Level 1 of the Orcish Mines
 21931 | Orc:1    | HP: 1/55 [hellwing[an orc high priest] (14)]
 21933 | D:11     | Killed from afar by an orc sorcerer
 21934 | D:11     | Reached XP level 12. HP: -24/49 MP: 13/25
 21985 | D:11     | Reached skill level 5 in Necromancy
 21985 | D:11     | Reached XP level 13. HP: 57/57 MP: 22/26
 22036 | Orc:1    | Noticed an orc warlord
 22102 | Orc:1    | Mangled by an orc warlord

Illustrated notes

Levels and vault maps discovered:
D:1:      scummos_arrival_gate, layout_rooms, serial_shops,
          nicolae_shop_advertising_works [nicolae_subvault_shop_adworks]
D:2:      layout_basic, ebering_ecumenical_altar_abandoned, uniq_natasha
D:3:      layout_basic, mainiacjoe_overflow_cross_hatched, serial_shops, shop,
          portal_sewer_entry_a, nicolae_elevator_lobby_plus
D:4:      layout_basic, kennysheep_mini, minmay_misc_feat_roman,
          corexii_hall_statues_x
D:5:      layout_loops_ring, grunt_decor_mini_mirrors, corexii_shack,
          minmay_shop_grid_forest
D:6:      layout_loops_ring
D:7:      layout_loops_ring, temple_doors_e, gammafunk_ghost_smash
D:8:      layout_cave_pools, nicolae_overflow_hallway_of_the_gods,
          enter_bailey_8, grunt_ministairs_6, corexii_checkpoint_a, st_stairs_8,
          kennysheep_another_room
D:9:      layout_loops_corners
D:10:     layout_roguey, grunt_dithmenos_shadows, uniq_erolcha
D:11:     layout_rooms, erik_lair_dragon, orc_0_dummy, serial_shops,
          nicolae_stop_n_shop_1
D:12:     layout_irregular_city
D:13:     layout_roguey [special_room_orc], special_room [special_room_orc],
          trove_entry_hex_spiral, zin_angel, uniq_maurice, uniq_snorg
Lair:1:   layout_small_grid, grunt_megastairs_3, uniq_gastronok
Lair:2:   layout_small_grid, elwin_shoals_entry_rooms,
          chequers_serial_rivers_large_b
Lair:3:   layout_gridlike, minmay_snake_entry_guardpost_small,
          nicolae_quartered_pool_little
Lair:4:   layout_cave_pods
Lair:5:   layout_roguey, minmay_slime_entry_pillars, uniq_urug
Lair:6:   gammafunk_lair_ancient_temple, layout_regular_city,
          serial_bayou_lagoon_b
Orc:1:    layout_caves, serial_shops, shop, hellmonk_bongcloud_opening,
          mumra_transporter_accident

Skill      XL: |  1  2  3  4  5  6  7  8  9 10 11 12 13 |
---------------+----------------------------------------+-----
Fire Magic     | 3 4 5 6 9 10 11 13 14 | 14.8
Conjurations   | 1 2 3 4 5 6 7 9 10 | 10.3
Dodging        | 3 4 5 6 8 9 10 | 10.2
Fighting       | 1 3 5 6 7 |  7.1
Spellcasting   | 3 5 7 8 |  8.9
Unarmed Combat | 1 2 3 |  3.1
Translocations | 4 |  4.5
Poison Magic   | 1 4 5 6 |  6.2
Evocations     | 1 |  1.0
Stealth        | 3 4 |  4.1
Necromancy     | 1 3 5 |  5.1
Earth Magic    | |  0.6

Action                   |  1- 3 |  4- 6 |  7- 9 | 10-12 | 13-15 || total
-------------------------+-------+-------+-------+-------+-------++-------
Melee: Unarmed           |     6 |    29 |     4 |     9 |    59 ||   107
       Punch             |       |     2 |     1 |       |     6 ||     9
       Bite              |       |     1 |     2 |     2 |    12 ||    17
       Pseudopods        |       |       |     3 |     3 |    15 ||    21
       Headbutt          |       |       |       |       |    21 ||    21
 Cast: Foxfire           |    54 |    86 |   184 |   262 |   101 ||   687
       Scorch            |     8 |    28 |    80 |   117 |    49 ||   282
       Conjure Flame     |     3 |     4 |    21 |     3 |     1 ||    32
       Flame Wave        |       |       |     4 |    23 |    42 ||    69
       Stone Arrow       |       |       |       |     6 |       ||     6
       Olgreb's Toxic Ra |       |       |       |    17 |    32 ||    49
       Vampiric Draining |       |       |       |     4 |    25 ||    29
       Apportation       |       |       |       |     3 |     3 ||     6
Evoke: Wand              |       |     1 |       |     5 |       ||     6
       Box of beasts     |       |       |       |     1 |       ||     1
  Use: Scroll            |     2 |     3 |     7 |    14 |       ||    26
       Potion            |     1 |       |     2 |     4 |       ||     7
Armor: Skin              |     4 |     3 |     4 |    14 |    15 ||    40
Dodge: Dodged            |    56 |    63 |   111 |   369 |   437 ||  1036
